 Dungeon Crawl Stone Soup version 0.31.0-32-g396128a36d (webtiles) character file.

Game seed: 14002369762594820324

1746261 community the Apostle (level 25, 253/253 HPs)
             Began as a Hill Orc Fighter on Apr 1, 2024.
             Was a High Priest of Beogh.
             Escaped with the Orb
             ... and 3 runes on Apr 2, 2024!
             The game lasted 01:54:17 (59088 turns).

community the Apostle (Hill Orc Fighter)           Turns: 59088, Time: 01:54:17

Health: 253/253    AC: 44    Str: 33    XL:     25   Next: 75%
Magic:  36/36      EV: 11    Int: 13    God:    Beogh [*****.]
Gold:   752        SH: 34    Dex: 13    Spells: 23/24 levels left

rFire   + . .        a - +9 broad axe (drain)
rCold   + + .        t - +7 tower shield "Himpilaf" {rCorr Str+4 Int+3}
rNeg    + + .        Y - +6 gold dragon scales
rPois   +            J - +2 helmet of Sloth {Will+ rCorr Int+3}
rElec   +            L - +1 cloak of Starlight {*Dazzle EV+4 Stlth--}
rCorr   +            K - +2 pair of gloves
SInv    .            l - +0 pair of boots of the Crypt {rPois Regen+ Stlth+}
Will    +++..        i - amulet of reflection Stlth
                     g - ring of willpower
HPRegen 2.22/turn    U - ring "Muhet" {rElec rC+ rN++ Int-3 Dex+3}
MPRegen 0.25/turn

%: reflection, clarity
@: studying 2 skills
A: walk on water, iridescent scales 1, clarity, low MP 1, regeneration 1,
evolution 1, no potion heal 1, persistent drain
0: Orb of Zot
}: 3/15 runes: serpentine, barnacled, abyssal
a: Renounce Religion, Smiting, Recall Orcish Followers, Give Item to Named
Follower


You escaped.
You worshipped Beogh.
Beogh was extremely pleased with you.
You visited 10 branches of the dungeon, and saw 47 of its levels.
You visited the Abyss 1 time.
You also visited: Sewer, Bailey, Gauntlet and Ice Cave.

You collected 6042 gold pieces.
You spent 5290 gold pieces at shops.

Inventory:

Hand Weapons
 a - a +9 broad axe of draining (weapon)
 b - a +9 demon trident of freezing
 n - a +3 spectral executioner's axe
 o - the +8 longbow "Zephyr" {speed, Dex+3 SInv}
   (You found it on level 3 of the Elven Halls)

   Dex+3:     It affects your dexterity (+3).
   SInv:      It lets you see invisible.
 p - a +0 spectral demon blade
 q - a +1 antimagic broad axe
 D - a +3 executioner's axe of flaming
 I - a +4 arbalest of freezing
 S - a +2 arbalest of flaming
Missiles
 m - 11 throwing nets
 x - 58 boomerangs (quivered)
Armour
 l - the +0 pair of boots of the Crypt (worn) {rPois Regen+ Stlth+}
   (You found it in a Gauntlet)

   rPois:     It protects you from poison Regen+: It increases your rate of
   health regeneration.
   Stlth+:    It makes you more stealthy.
 t - the +7 tower shield "Himpilaf" (worn) {rCorr Str+4 Int+3}
   (You found it on level 3 of the Elven Halls)

   Str+4:     It affects your strength (+4).
   Int+3:     It affects your intelligence (+3).
   rCorr:     It protects you from acid and corrosion.
 B - a +2 plate armour of willpower
 J - the +2 helmet of Sloth (worn) {Will+ rCorr Int+3}
   (You found it on level 12 of the Dungeon)

   Int+3:     It affects your intelligence (+3).
   Will+:     It increases your willpower.
   rCorr:     It protects you from acid and corrosion.
 K - a +2 pair of gloves (worn)
 L - the +1 cloak of Starlight (worn) {*Dazzle EV+4 Stlth--}
   (You found it on level 4 of the Snake Pit)

   *Dazzle:   It may blind those who miss an attack against the wearer in melee
   combat.
   EV+4:      It affects your evasion (+4).
   Stlth--:   It makes you much less stealthy.
 Y - +6 gold dragon scales (worn)
Jewellery
 g - a ring of willpower (left hand)
 i - an amulet of reflection (around neck)
 T - a ring of protection from fire
 U - the ring "Muhet" (right hand) {rElec rC+ rN++ Int-3 Dex+3}
   (You found it in an ice cave)

   [ring of protection from cold]

   Int-3:     It affects your intelligence (-3).
   Dex+3:     It affects your dexterity (+3).
   rC+:       It protects you from cold.
   rElec:     It insulates you from electricity.
   rN++:      It greatly protects you from negative energy.
 Z - the ring of the Kappa {*Slow rPois rC+++ rN++ rCorr}
   (You took it off a tengu reaver on level 2 of the Depths)

   [ring of resist corrosion]

   rC+++:     It renders you almost immune to cold.
   rPois:     It protects you from poison rN++: It greatly protects you from
   negative energy.
   rCorr:     It protects you from acid and corrosion.
   *Slow:     It may slow you when you take damage.
Wands
 v - a wand of paralysis (55)
 w - a wand of acid (17)
 E - a wand of digging (4)
 P - a wand of flame (9)
 R - a wand of mindburst (47)
 V - a wand of roots (26)
Scrolls
 e - 14 scrolls of teleportation
 j - 8 scrolls of fog
 k - 14 scrolls of blinking
 r - 13 scrolls of poison
 u - 5 scrolls of fear
 y - a scroll of brand weapon
 M - 2 scrolls of silence
 O - 7 scrolls of summoning
Potions
 c - 5 potions of magic
 d - 16 potions of might
 h - 3 potions of enlightenment
 s - 10 potions of brilliance
 z - 25 potions of curing
 A - 10 potions of haste
 C - 4 potions of berserk rage
 F - 7 potions of ambrosia
 G - 11 potions of mutation
 H - 8 potions of cancellation
 N - 9 potions of heal wounds
 W - 4 potions of resistance


   Skills:
 - Level 26.3 Fighting
 O Level 27 Axes
 + Level 21.8 Armour
 + Level 21.4 Shields
 O Level 27 Invocations


You had 23 spell levels left.
You knew the following spells:

 Your Spells              Type           Power      Damage    Failure   Level
a - Apportation           Tloc           0%         N/A       96%         1

Your spell library contained the following spells:

 Spells                   Type           Power      Damage    Failure   Level
 Foxfire                  Conj/Fire      0%         2x1d4     96%         1
 Freeze                   Ice            0%         1d3       96%         1
 Magic Dart               Conj           0%         1d3       96%         1
 Necrotise                Necr           0%         1d4       96%         1
 Sandblast                Erth           0%         2d4       96%         1
 Shock                    Conj/Air       0%         1d3       96%         1
 Sting                    Conj/Alch      0%         1d3       96%         1
 Summon Small Mammal      Summ           0%         N/A       96%         1
 Blink                    Tloc           0%         N/A       99%         2
 Call Imp                 Summ           0%         N/A       99%         2
 Ensorcelled Hibernation  Hex/Ice        0%         N/A       99%         2
 Jinxbite                 Hex            0%         N/A       99%         2
 Searing Ray              Conj           0%         2d4       99%         2
 Static Discharge         Conj/Air       0%         3-3/arc   99%         2
 Sublimation of Blood     Necr           0%         N/A       99%         2
 Call Canine Familiar     Summ           0%         N/A       100%        3
 Frozen Ramparts          Ice            0%         1d1       100%        3
 Fugue of the Fallen      Necr           0%         N/A       100%        3
 Hailstorm                Conj/Ice       0%         3d5       100%        3
 Ozocubu's Armour         Ice            0%         N/A       100%        3
 Passwall                 Erth           0%         N/A       100%        3
 Sigil of Binding         Hex            0%         N/A       100%        3
 Stone Arrow              Conj/Erth      0%         3d7       100%        3
 Summon Ice Beast         Ice/Summ       0%         N/A       100%        3
 Swiftness                Air            0%         N/A       100%        3
 Tukima's Dance           Hex            0%         N/A       100%        3
 Vampiric Draining        Necr           0%         2d6       100%        3
 Volatile Blastmotes      Fire/Tloc      0%         2d10      100%        3
 Airstrike                Air            0%         2d(0-16)  100%        4
 Anguish                  Hex/Necr       0%         N/A       100%        4
 Brom's Barrelling Bould  Conj/Erth      0%         2d3       100%        4
 Dimensional Bullseye     Hex/Tloc       0%         N/A       100%        4
 Flame Wave               Conj/Fire      0%         2d4       100%        4
 Fulminant Prism          Conj/Alch      0%         3d5       100%        4
 Ignite Poison            Fire/Alch      0%         N/A       100%        4
 Iskenderun's Mystic Bla  Conj/Tloc      0%         2d3       100%        4
 Leda's Liquefaction      Alch/Erth      0%         N/A       100%        4
 Manifold Assault         Tloc           0%         N/A       100%        4
 Martyr's Knell           Necr/Summ      0%         N/A       100%        4
 Petrify                  Alch/Erth      0%         N/A       100%        4
 Curse of Agony           Necr           0%         N/A       100%        5
 Freezing Cloud           Conj/Ice/Air   0%         6-21      100%        5
 Irradiate                Conj/Alch      0%         3d11      100%        5
 Silence                  Hex/Air        0%         N/A       100%        5
 Summon Forest            Summ/Tloc      0%         N/A       100%        5
 Summon Mana Viper        Hex/Summ       0%         N/A       100%        5
 Yara's Violent Unravell  Hex/Alch       0%         3d3       100%        5
 Bombard                  Conj/Erth      0%         9d1       100%        6
 Conjure Ball Lightning   Conj/Air       0%         3x3d6     100%        6
 Eringya's Noxious Bog    Alch           0%         4d6       100%        6
 Plasma Beam              Fire/Air       0%         2x1d10    100%        6
 Sculpt Simulacrum        Ice/Alch       0%         N/A       100%        6
 Malign Gateway           Summ/Tloc      0%         N/A       100%        7
 Monstrous Menagerie      Summ           0%         N/A       100%        7
 Ozocubu's Refrigeration  Ice            0%         4d7       100%        7
 Spellforged Servitor     Conj/Summ      0%         N/A       100%        7
 Summon Hydra             Summ           0%         N/A       100%        7
 Summon Horrible Things   Summ           0%         N/A       100%        8
 Chain Lightning          Conj/Air       0%         N/A       100%        9
 Polar Vortex             Ice            0%         N/A       100%        9


Dungeon Overview and Level Annotations

Branches:
Dungeon (15/15)            Temple (0/1) D:5            Lair (5/5) D:8
 Shoals (4/4) Lair:3        Snake (4/4) Lair:3        Slime (0/5) Lair:5
    Orc (2/2) D:12            Elf (3/3) Orc:2        Vaults (4/5) D:14
  Crypt (1/3) Vaults:3     Depths (4/4) D:15            Zot (5/5) Depths:4
  Sewer (visited)          Bailey (visited)           IceCv (visited)
Gauntlet (visited)

Altars:
Ashenzari
Dithmenos
Elyvilon
Fedhas
Gozag
Hepliaklqana
Kikubaaqudgha
Makhleb
Okawaru
Qazlal
Ru
Sif Muna
Wu Jian
The Shining One
Beogh

Shops:
D:5 ?   D:14 ?   Orc:2 ?==:   Elf:1 !!?[   Elf:2 (   Shoals:1 !?[?!
Shoals:3 *   Snake:2 *   Vaults:1 ((*(!   Vaults:2 ?*   Vaults:3 ?

Portals:
Hell: Depths:1 Depths:2 Depths:3 Depths:4
Abyss: D:13 Depths:3 Depths:4*
Pandemonium: Depths:2 Depths:3
Ziggurat: Depths:4

Annotations:
D:13 2 transporters, community's ghost, journeyman HOFi
Shoals:1 2 transporters, LaularuKyrumo's ghost, adept NaBe
Snake:3 2 transporters
Snake:4 3 runed translucent doors, bearlyready's ghost, adept HOBe; jimmypageman's ghost, adept MiFi
Elf:1 2 transporters


Innate Abilities, Weirdness & Mutations

You can walk on water.
You are partially covered in iridescent scales. (AC +2)
You possess an exceptional clarity of mind.
Your magical capacity is low. (-10% MP)
Your natural rate of healing is unusually fast.
You have hidden genetic potential.
Potions are less effective at restoring your health.
Your health recovers twice as slowly from being drained.


Message History

There is a stone staircase leading down here.
You climb downwards.
There is a stone staircase leading up here.
There is a stone staircase leading down here.
You climb downwards.
There is a stone staircase leading up, spattered with blood here.
An orange demon is nearby!
You block the orange demon's attack. x2
You slash the orange demon!
The orange demon is lightly wounded.
You block the orange demon's attack. x2
You slice the orange demon!!
The orange demon is severely wounded.
You barely miss the orange demon.
The orange demon is severely wounded.
You block the orange demon's attack. x2
You hit the orange demon.
The orange demon is severely wounded.
The orange demon stings you but does no damage.
You block the orange demon's attack.
You slash the orange demon!
The orange demon is almost dead.
You block the orange demon's attack. x2
You slice the orange demon!!
You kill the orange demon!
Beogh accepts your kill.
There is a stone staircase leading up, spattered with blood here.
You climb upwards.
There is a stone staircase leading down here.
There is a stone staircase leading up here.
You climb upwards.
There is a stone staircase leading down here.
There is an escape hatch in the ceiling here.
A mysterious force pulls you upwards. The hatch slams shut behind you.
There is a stone staircase leading up here.
You climb upwards.
There is a stone staircase leading down here.
There is an open gate here.
There is a staircase leading out of the dungeon here.
You have escaped!

#....####....# #.##
####.# ####.#####.##
##.#######.......##
#...............###
###.########.####.###
#8'''8# #..........
#.###.# ##.####.###
##...## ### #.###
#..@..# #...) #######
#####


There were no monsters in sight!

Vanquished Creatures
  4 dread liches (Zot:5)
  4 ancient liches
  3 orbs of fire (Zot:5)
  A juggernaut (Depths:2)
  3 Killer Klowns (Zot:5)
  A caustic shrike (Depths:2)
  Vashnia (Snake:2)
  Saint Roka (Snake:3)
  A curse toe (Zot:5)
  9 golden dragons
  A bone dragon (Depths:4)
  13 tentacled monstrosities
  Jorgrun (Snake:3)
  3 electric golems
  An Ice Fiend (D:10)
  5 liches
  3 titans
  19 Orb Guardians
  A deep elf blademaster (Elf:3)
  Asterion (Vaults:3)
  4 quicksilver dragons
  4 sphinxes
  4 deep elf master archers (Elf:3)
  A kraken (Shoals:4)
  An eldritch tentacle (Zot:5)
  A death cob (Zot:3)
  5 tengu reavers
  Polyphemus (Shoals:2)
  Agnes (Snake:2)
  3 shadow dragons
  7 storm dragons
  5 nagarajas
  An azure jelly (IceCv)
  Ilsuiw (Shoals:3)
  2 revenants (Crypt:1)
  4 draconian knights
  5 fire giants
  2 protean progenitors (Zot:2)
  Aizul (Shoals:3)
  3 draconian monks
  9 vault wardens
  12 frost giants
  Louise (Shoals:3)
  An iron dragon (Depths:1)
  9 deep elf sorcerers
  3 draconian scorchers
  A balrug (Depths:3)
  14 ironbound preservers
  An orc warlord (Bailey)
  3 draconian stormcallers
  6 deep elf elementalists
  2 draconian annihilators
  2 spriggan defenders
  24 very ugly things
  3 ironbound thunderhulks
  A quicksilver ooze (IceCv)
  6 vampire knights
  5 formless jellyfish
  18 stone giants
  10 green draconians
  4 deep elf death magi (Elf:3)
  5 deep elf demonologists
  4 black draconians
  3 purple draconians
  A war gargoyle (Vaults:1)
  6 deep elf annihilators
  6 spark wasps
  4 minotaurs
  3 yellow draconians
  2 red draconians
  8 white draconians
  Azrael (Snake:3)
  9 dire elephants
  A green death (D:10)
  A merfolk javelineer (Depths:4)
  4 merfolk impalers
  A blizzard demon (Depths:3)
  15 ettins
  13 fire dragons
  5 deep elf high priests
  3 entropy weavers
  10 yaktaur captains
  Erolcha (D:10)
  3 great orbs of eyes
  4 rakshasas
  5 catoblepae
  9 ice dragons
  4 hydras
  A salamander tyrant (Snake:4)
  7 spriggan air magi
  7 ironbound frosthearts
  3 merfolk avatars
  2 anacondas (Snake:4)
  3 alligator snapping turtles
  9 centaur warriors
  An ogre mage (Orc:2)
  12 satyrs (Shoals:4)
  8 two-headed ogres
  Erica (D:11)
  A boulder beetle (D:11)
  2 merfolk aquamancers
  3 vault guards (Vaults:1)
  17 dancing weapons
  10 death yaks
  9 deep troll shamans
  9 tengu warriors
  7 deep troll earth magi
  4 vampire magi (Depths:2)
  An occultist (Depths:2)
  3 thrashing horrors
  4 naga warriors
  8 naga sharpshooters
  A spriggan (Depths:3)
  7 spriggan berserkers
  2 hell knights (Depths:2)
  4 shock serpents
  8 deep elf knights
  A sun demon (Zot:1)
  Nergalle (Lair:3)
  A wretched star (Abyss:3)
  5 skysharks
  An iron troll (Depths:3)
  Amaemon (Lair:3)
  A sixfirhy (Abyss:3)
  2 salamander mystics (Snake:4)
  3 skeletal warriors (Crypt:1)
  2 shadow wraiths (Abyss:3)
  14 sea snakes
  A storm dragon skeleton (Crypt:1)
  2 spriggan druids (Elf:1)
  A naga ritualist (Snake:1)
  4 arcanists
  4 flayed ghosts
  54 deep trolls
  A mana viper (Snake:1)
  12 ironbound convokers
  3 deep elf archers
  9 deep elf pyromancers
  2 necromancers
  6 glowing orange brains
  18 deep elf zephyrmancers
  12 lindwurms
  15 harpies
  3 orc knights
  2 phantasmal warriors (Depths:3)
  An oklob plant (Lair:3)
  11 manticores
  10 fauns
  21 ugly things
  5 salamanders
  A faun (shapeshifter) (Depths:2)
  3 cyclopes
  7 large abominations
  A worldbinder (Abyss:3)
  2 guardian serpents
  10 moths of wrath
  14 vault sentinels
  3 ice statues (IceCv)
  9 black mambas
  2 merfolk sirens
  2 elephants (Lair:2)
  11 naga magi
  An elephant (shapeshifter) (Elf:1)
  11 cane toads
  2 torpor snails
  A rust devil (Depths:3)
  3 smoke demons (Depths:1)
  A toenail golem (Zot:1)
  3 water nymphs
  3 orange demons
  12 starcursed masses
  6 komodo dragons
  33 yaktaurs
  4 rime drakes
  An efreet (D:15)
  Psyche (D:11)
  4 tengu conjurers
  A freezing wraith (Crypt:1)
  An ancient zyme (Abyss:3)
  A silent spectre (Abyss:3)
  3 hellwings
  11 trolls
  17 merfolk
  A merfolk (shapeshifter) (Vaults:2)
  6 wind drakes
  11 polar bears
  A jumping spider zombie (Crypt:1)
  4 dream sheep
  9 snapping turtles
  2 glass eyes
  3 hornets
  A dream sheep (shapeshifter) (Elf:1)
  17 blink frogs
  28 slime creatures
  2 air elementals
  12 water elementals
  A shadow (D:11)
  A wraith (Crypt:1)
  34 yaks
  2 spriggans (shapeshifter)
  A centaur simulacrum (Gauntlet)
  7 wyverns
  2 fire elementals
  9 basilisks
  A basilisk (shapeshifter) (Elf:1)
  2 hogs (D:14)
  3 steam dragons
  A redback (shapeshifter) (Depths:2)
  3 redbacks
  2 chaos spawn (Abyss:3)
  Grum (D:11)
  8 vampire mosquitoes
  5 wargs
  6 small abominations
  19 nagas
  A neqoxec (Abyss:3)
  3 swamp worms (Zot:2)
  An acid dragon (shapeshifter) (Elf:2)
  8 water moccasins
  10 great orb of eyes simulacra (IceCv)
  A swamp drake (D:12)
  13 orc warriors
  2 sky beasts
  A laughing skull (Abyss:3)
  8 black bears
  A boggart (D:14)
  2 ice beasts
  15 ogres
  10 centaurs
  9 wolves
  2 phantoms
  A brain worm (Abyss:3)
  14 bullfrogs
  4 gnoll sergeants
  5 scorpions
  4 glowing shapeshifter simulacra (IceCv)
  8 earth elementals (Depths:1)
  7 wights
  A hornet simulacrum (Gauntlet)
  25 killer bees
  An electric eel (Snake:3)
  4 howler monkeys
  A bombardier beetle (D:3)
  5 jellies
  2 lava snakes (Lair:3)
  A quasit (Abyss:3)
  3 hounds
  5 orc priests
  A gnoll bouda (D:4)
  A sleepcap (D:5)
  Jessica (D:3)
  6 hell rats
  6 orc wizards
  An iguana (D:5)
  3 shapeshifter simulacra (IceCv)
  21 gnolls
  4 river rats (Sewer)
  8 adders
  2 shadow imps (D:7)
  2 white imps
  6 ufetubi (D:6)
  A ribbon worm (D:4)
  4 dart slugs
  26 orcs
  5 endoplasms
  7 giant cockroaches
  16 goblins
  7 hobgoblins
  3 jackals (D:4)
  23 kobolds
  6 quokkas
  7 ball pythons
  4 bats
  A hobgoblin skeleton (Crypt:1)
  13 rats
  2 tentacles (Shoals:4)
1536 creatures vanquished.

Vanquished Creatures (collateral kills)
  Mara (Shoals:3)
  Nikola (Snake:2)
  A lich (Depths:1)
  A storm dragon (Zot:5)
  Kirke (D:14)
  2 nagarajas (Snake:4)
  2 frost giants (Depths:2)
  2 fire giants
  The ghost of Honninscrave the Earth Mage, a journeyman GrEE of Makhleb (D:14)
  A deep elf sorcerer (Elf:3)
  A deep elf elementalist (Elf:3)
  An orc warlord (Vaults:4)
  2 vault wardens
  2 very ugly things
  7 ironbound preservers
  2 stone giants
  2 ironbound thunderhulks
  A formless jellyfish (Vaults:2)
  4 dire elephants (Vaults:3)
  A deep elf annihilator (Elf:3)
  A deep elf death mage (Vaults:2)
  A red draconian (Depths:4)
  A spark wasp (Depths:4)
  2 deep elf demonologists
  2 white draconians (Depths:4)
  A merfolk impaler (Shoals:3)
  An ettin (Depths:3)
  2 yaktaur captains (Vaults:2)
  A jiangshi (Crypt:1)
  2 fire dragons
  A merfolk javelineer (Depths:4)
  4 great orbs of eyes
  4 ice dragons
  A rakshasa (Depths:2)
  An ogre mage (Orc:2)
  4 ironbound frosthearts
  A merfolk avatar (Shoals:2)
  An anaconda (Snake:4)
  11 dancing weapons
  3 naga warriors
  A vampire mage (Depths:2)
  2 centaur warriors
  3 two-headed ogres
  A satyr (Shoals:3)
  A death yak (Lair:2)
  A deep troll shaman (Depths:1)
  2 spriggan berserkers (Depths:2)
  Urug (Orc:2)
  8 naga sharpshooters
  3 shock serpents
  An orc high priest (Elf:1)
  4 deep elf knights
  A hell knight (Depths:2)
  An iron troll (Depths:1)
  2 spriggans
  A skyshark (Lair:5)
  2 skeletal warriors (Crypt:1)
  3 salamander mystics
  4 sea snakes
  21 deep trolls
  3 naga ritualists (Snake:4)
  3 arcanists
  A deep elf archer (Elf:1)
  3 mana vipers
  12 deep elf zephyrmancers
  2 orc knights
  7 ugly things
  A harpy (Vaults:2)
  3 lindwurms (Vaults:2)
  15 deep elf pyromancers
  6 ironbound convokers
  4 salamanders
  2 manticores
  5 fauns
  2 merfolk sirens
  A guardian serpent (Snake:3)
  2 vault sentinels
  4 naga magi
  An elephant (Lair:2)
  10 black mambas
  A black mamba (shapeshifter) (Depths:4)
  2 cane toads
  4 yaktaurs
  A tengu conjurer (D:14)
  A freezing wraith (Vaults:3)
  4 trolls
  5 komodo dragons (Lair:5)
  2 polar bears (Lair:5)
  2 hornets
  6 merfolk
  2 wind drakes
  A glass eye (Depths:2)
  10 blink frogs
  7 slime creatures
  3 snapping turtles
  A dream sheep (Shoals:2)
  A centaur simulacrum (D:14)
  6 water elementals
  6 yaks
  2 wraiths
  A fire elemental (Snake:3)
  A warg (Orc:2)
  A water moccasin (Lair:4)
  11 nagas
  2 hell hounds (Snake:3)
  4 orc warriors
  6 ogres (Orc:2)
  3 wolves (Lair:2)
  A centaur (D:14)
  3 kobold brigands (D:14)
  2 killer bees
  A water moccasin skeleton (Crypt:1)
  2 lava snakes (Lair:3)
  2 jellies (Lair:5)
  An orc priest (D:9)
  An orc wizard (Elf:1)
  13 orcs
353 creatures vanquished.

Vanquished Creatures (others)
  7 orc warlords
  2 draconian knights (Zot:1)
  An ironbound preserver (Vaults:2)
  A very ugly thing (Depths:1)
  A tengu warrior (Depths:1)
  13 orc knights
  4 orc high priests
  5 orc sorcerers
  Sonja (D:11)
  A deep elf knight (D:14)
  2 deep elf pyromancers
  22 orc warriors
  A water elemental (Shoals:3)
  A yak (D:11)
  A human (D:14)
  A golden eye (Vaults:4)
  A naga (Snake:4)
  20 orc wizards
  2 kobold brigands
  A bombardier beetle (D:5)
  23 orc priests
  40 orcs
  A spectral weapon (Depths:1)
  7 tentacles (Shoals:4)
159 creatures vanquished.

Grand Total: 2048 creatures vanquished

Notes
Turn   | Place    | Note
-------+----------+-------------------------------------------
     0 | D:1      | community the Hill Orc Fighter began the quest for the Orb.
     0 | D:1      | Reached XP level 1. HP: 19/19 MP: 1/1
   174 | D:1      | Reached XP level 2. HP: 27/27 MP: 2/2
   449 | D:1      | Reached XP level 3. HP: 26/33 MP: 3/3
  1488 | D:3      | Reached XP level 4. HP: 41/41 MP: 4/4
  1517 | D:3      | Noticed Jessica
  1529 | D:3      | Killed Jessica
  1530 | D:3      | Reached XP level 5. HP: 46/47 MP: 5/5
  1740 | D:3      | Reached skill level 5 in Fighting
  1789 | D:3      | Found a faded altar of an unknown god.
  2053 | D:3      | Found a blossoming altar of Fedhas.
  2064 | D:3      | Found a stormy altar of Qazlal.
  2181 | D:4      | Noticed an ice beast
  2234 | D:4      | Reached skill level 5 in Axes
  2241 | D:4      | Reached XP level 6. HP: 45/56 MP: 6/6
  2342 | D:4      | Found a sacrificial altar of Ru.
  2554 | D:4      | Killed an ice beast
  2691 | D:4      | Found a glowing drain.
  2699 | Sewer    | Entered a sewer
  3064 | D:5      | Entered Level 5 of the Dungeon
  3074 | D:5      | Reached XP level 7. HP: 57/62 MP: 7/7
  3304 | D:5      | Noticed a yak
  3324 | D:5      | Killed a yak
  3324 | D:5      | Noticed a yak
  3325 | D:5      | Reached skill level 5 in Armour
  3325 | D:5      | Reached skill level 5 in Shields
  3325 | D:5      | Reached XP level 8. HP: 62/73 MP: 8/8
  3325 | D:5      | Noticed a yak
  3325 | D:5      | Noticed a yak
  3325 | D:5      | Noticed a yak
  3338 | D:4      | Killed a yak
  3558 | D:5      | Found a staircase to the Ecumenical Temple.
  3589 | D:5      | Became a worshipper of Beogh the Brigand
  3621 | D:5      | Killed a yak
  3623 | D:5      | Killed a yak
  3631 | D:5      | Killed a yak
  3826 | D:5      | Identified the +4 spear "Veaz" {drain, rC+}
  3849 | D:5      | Found a white marble altar of Elyvilon.
  3851 | D:5      | Found a glowing golden altar of the Shining One.
  3908 | D:5      | Reached skill level 1 in Invocations
  3908 | D:5      | Reached XP level 9. HP: 80/82 MP: 8/10
  3932 | D:5      | Found Relu's Magic Scroll Shop.
  3940 | D:5      | Bought a scroll of identify for 22 gold pieces
  4494 | D:6      | Reached * piety under Beogh
  4575 | D:6      | Noticed a komodo dragon
  4583 | D:6      | Killed a komodo dragon
  4953 | D:6      | Reached skill level 10 in Axes
  5104 | D:7      | Reached skill level 5 in Invocations
  5290 | D:7      | Reached XP level 10. HP: 84/93 MP: 13/13
  5317 | D:7      | Found a shimmering blue altar of Sif Muna.
  5357 | D:7      | Reached skill level 10 in Fighting
  5378 | D:7      | Found a hazy altar of Hepliaklqana.
  5960 | D:8      | Found a flagged portal.
  5969 | Bailey   | Entered a bailey
  5974 | Bailey   | Noticed an orc warlord
  5987 | Bailey   | Reached ** piety under Beogh
  6134 | Bailey   | Found a runed translucent gate.
  6137 | Bailey   | Found a runed translucent gate.
  6138 | Bailey   | Found a runed translucent gate.
  6334 | Bailey   | Killed an orc warlord
  6507 | Bailey   | Identified the +5 scale mail of Peek-a-Boo {Str+5}
  6529 | Bailey   | Reached XP level 11. HP: 104/104 MP: 14/17
  6745 | D:8      | Found a staircase to the Lair.
  6871 | D:8      | Reached *** piety under Beogh
  7336 | D:9      | Reached skill level 10 in Invocations
  7645 | D:9      | Reached XP level 12. HP: 113/113 MP: 19/19
  7702 | D:9      | Reached **** piety under Beogh
  7740 | D:9      | Noticed a two-headed ogre
  7746 | D:9      | Killed a two-headed ogre
  8148 | D:10     | Entered Level 10 of the Dungeon
  8284 | D:10     | Gained Hawl as an ally
  8528 | D:10     | Found a shadowy altar of Dithmenos.
  8582 | D:10     | Killed Erolcha
  8826 | D:10     | Found an ornate altar of the Wu Jian Council.
  8829 | D:10     | Found an ancient bone altar of Kikubaaqudgha.
  8833 | D:10     | Found a broken altar of Ashenzari.
  8897 | D:11     | Noticed Erica
  8897 | D:11     | Noticed a boulder beetle
  8908 | D:11     | Killed a boulder beetle
  8914 | D:11     | Killed Erica
  9227 | D:11     | Noticed Sonja
  9229 | D:11     | Killed Sonja
  9333 | D:11     | Noticed Grum
  9341 | D:11     | Noticed Psyche
  9358 | D:11     | Killed Psyche
  9364 | D:11     | Killed Grum
 10043 | D:12     | Noticed a two-headed ogre
 10050 | D:12     | Killed a two-headed ogre
 10269 | D:12     | Found a staircase to the Orcish Mines.
 10498 | D:12     | Noticed a two-headed ogre
 10507 | D:12     | Killed a two-headed ogre
 10602 | D:12     | Identified the +2 helmet of Sloth {Will+ rCorr Int+3}
 11057 | D:13     | Killed a centaur warrior
 11147 | D:13     | Found a stormy altar of Qazlal.
 11153 | D:13     | Noticed a centaur warrior
 11155 | D:13     | Killed a centaur warrior
 11156 | D:13     | Reached XP level 13. HP: 124/124 MP: 22/22
 11335 | D:13     | Noticed community's ghost (journeyman HOFi)
 11376 | D:13     | Found a transporter.
 11381 | D:13     | Found a transporter.
 11408 | D:13     | Found a one-way gate to the infinite horrors of the Abyss.
 11428 | D:13     | Identified the +2 robe of Haatit {Harm Fly rF- Int+7}
 11639 | D:14     | Reached skill level 15 in Axes
 11737 | D:14     | Noticed Honninscrave's ghost (journeyman GrEE)
 11738 | D:14     | Found a runed translucent door.
 11866 | D:14     | Noticed Kirke
 11877 | D:14     | Killed Kirke
 11893 | D:14     | Found Toimn's Magic Scroll Shoppe.
 11897 | D:14     | Bought a scroll of brand weapon for 133 gold pieces
 12123 | D:14     | Identified the staff "community's Bane" {Str-3 Int+2 Summ
                  | Earth}
 12417 | D:14     | Reached skill level 10 in Armour
 12427 | D:14     | Your ally Hawl died
 12813 | D:14     | Found a gate to the Vaults.
 13071 | D:15     | Entered Level 15 of the Dungeon
 13341 | D:15     | Noticed a stone giant
 13357 | D:15     | Killed a stone giant
 13428 | D:15     | Found a staircase to the Depths.
 13453 | D:15     | Reached skill level 15 in Fighting
 13473 | D:15     | Reached skill level 10 in Shields
 13803 | D:15     | Reached XP level 14. HP: 118/135 MP: 24/24
 14507 | Orc:1    | Entered Level 1 of the Orcish Mines
 14671 | Lair:1   | Entered Level 1 of the Lair of Beasts
 16691 | Lair:3   | Reached ***** piety under Beogh
 16901 | Lair:3   | Noticed Amaemon
 16903 | Lair:3   | Killed Amaemon
 16904 | Lair:3   | Reached skill level 15 in Invocations
 16941 | Lair:3   | Gained Wargath as an ally
 17045 | Lair:3   | Noticed Nergalle
 17060 | Lair:3   | Killed Nergalle
 17101 | Lair:3   | Found a staircase to the Snake Pit.
 17114 | Lair:3   | Your ally Wargath died
 17705 | Lair:3   | Found a staircase to the Shoals.
 18030 | Lair:4   | Gained Bladwarg as an ally
 18050 | Lair:4   | Reached XP level 15. HP: 110/145 MP: 26/26
 18297 | Lair:4   | Found a frozen archway.
 18324 | IceCv    | Entered an ice cave
 18761 | IceCv    | Gained Spirok as an ally
 18761 | IceCv    | Gained Berold as an ally
 18761 | IceCv    | Gained Boghold as an ally
 19016 | IceCv    | Found a viscous altar of Jiyva.
 19016 | IceCv    | Noticed an azure jelly
 19020 | IceCv    | Killed an azure jelly
 19038 | IceCv    | Got the ring "Muhet" {rElec rC+ rN++ Int-3 Dex+3}
 19041 | IceCv    | Identified the +0 robe of Coag {Slay+2}
 19044 | IceCv    | Identified the +0 leather armour of Privacy {+Blink rC-
                  | Will+++ Slay-4}
 19736 | Lair:5   | Entered Level 5 of the Lair of Beasts
 19736 | Lair:5   | Found a staircase to the Slime Pits.
 20334 | Lair:5   | Found the amulet of Vitality {RegenMP++ Regen++}
 20453 | Lair:5   | Your ally Berold died
 20459 | Lair:5   | Your ally Boghold died
 21242 | Orc:1    | Found a roughly hewn altar of Beogh.
 21687 | Orc:2    | Entered Level 2 of the Orcish Mines
 21703 | Orc:2    | Found Ceilir's Book Emporium.
 21703 | Orc:2    | Found Zadgh's Jewellery Shop.
 21703 | Orc:2    | Noticed Urug
 21712 | Orc:2    | Found Laudog's Jewellery Shoppe.
 21713 | Orc:2    | Found Okozazy's Magic Scroll Shoppe.
 21743 | Orc:2    | Found a staircase to the Elven Halls.
 21746 | Orc:2    | Found a gate leading to a gauntlet.
 21756 | Gauntlet | Entered a Gauntlet
 21756 | Gauntlet | Found a transporter.
 21756 | Gauntlet | Found a transporter.
 21915 | Gauntlet | Found a transporter.
 21927 | Gauntlet | Found a transporter.
 21942 | Gauntlet | Found a runed translucent door.
 21944 | Gauntlet | Found a transporter.
 21945 | Gauntlet | Found a transporter.
 21947 | Gauntlet | Found a transporter.
 21947 | Gauntlet | Found a transporter.
 21959 | Gauntlet | Found a transporter.
 21975 | Gauntlet | Found a transporter.
 21985 | Gauntlet | Found a transporter.
 21999 | Gauntlet | Found a transporter.
 22019 | Gauntlet | Found a transporter.
 22019 | Gauntlet | Found a transporter.
 22379 | Gauntlet | Identified the ring "Xottargh" {Fly rPois Str-2 Dex+3
                  | Stlth+}
 22385 | Gauntlet | Identified the +0 pair of boots of the Crypt {rPois Regen+
                  | Stlth+}
 22426 | Gauntlet | Identified the +1 leather armour of Toss {rF- Dex+6}
 22493 | Gauntlet | Got the Secrets of the Known World
 22566 | Orc:2    | Reached ****** piety under Beogh
 22567 | Orc:2    | Reached XP level 16. HP: 153/157 MP: 28/28
 22574 | Orc:2    | Killed Urug
 22574 | Orc:2    | Gained Ogrik as an ally
 22579 | Orc:2    | Gained Boldo as an ally
 23292 | Snake:1  | Entered Level 1 of the Snake Pit
 24538 | Snake:2  | Noticed Vashnia
 24540 | Snake:2  | Noticed Nikola
 24541 | Snake:2  | Noticed Agnes
 24544 | Snake:2  | Killed Agnes
 24544 | Snake:2  | Your ally Boldo died
 24547 | Snake:2  | Killed Vashnia
 24548 | Snake:2  | Killed Nikola
 24588 | Snake:2  | Your ally Ogrik died
 24843 | Snake:2  | Found Qufeonu's Assorted Antiques.
 24898 | Snake:2  | Noticed a nagaraja
 24909 | Snake:2  | Killed a nagaraja
 24962 | Snake:2  | Found an iron altar of Okawaru.
 25185 | Snake:3  | Noticed Azrael
 25189 | Snake:3  | Killed Azrael
 25270 | Snake:3  | Got the Handbook of the Gaseous Blaze
 25314 | Snake:3  | Identified the +1 helmet of Spite {Harm Str+2 Int+4 Dex-2}
 25570 | Snake:3  | Found a transporter.
 25572 | Snake:3  | Noticed a nagaraja
 25607 | Snake:3  | Found a transporter.
 25680 | Snake:3  | Gained Dorog as an ally
 25696 | Snake:3  | Noticed Saint Roka
 25715 | Snake:3  | Killed Saint Roka
 25720 | Snake:3  | Noticed Jorgrun
 25733 | Snake:3  | Killed Jorgrun
 26136 | Snake:4  | Entered Level 4 of the Snake Pit
 26136 | Snake:4  | Noticed a nagaraja
 26136 | Snake:4  | Found the +1 cloak of Starlight {*Dazzle EV+4 Stlth--}
 26149 | Snake:4  | Killed a nagaraja
 26359 | Snake:4  | Reached XP level 17. HP: 148/166 MP: 30/30
 26713 | Snake:4  | Learned a level 1 spell: Apportation
 26737 | Snake:4  | Your ally Dorog died
 26746 | Snake:4  | Gained Ugrim as an ally
 26754 | Snake:4  | Your ally Ugrim died
 26757 | Snake:4  | Your ally Spirok died
 26759 | Snake:4  | Your ally Bladwarg died
 26761 | Snake:4  | HP: 7/168 [nagaraja/+0 spear (14)]
 26761 | Snake:4  | HP: 3/168 [constriction (4)]
 27407 | Snake:4  | Got a serpentine rune of Zot
 27498 | Snake:4  | Found a runed translucent gate.
 27499 | Snake:4  | Found a runed translucent gate.
 27499 | Snake:4  | Found a runed translucent gate.
 27501 | Snake:4  | Noticed bearlyready's ghost (adept HOBe)
 27501 | Snake:4  | Noticed jimmypageman's ghost (adept MiFi)
 27637 | Shoals:1 | Entered Level 1 of the Shoals
 27640 | Shoals:1 | Found Nemuoboh's Armour Shoppe.
 27644 | Shoals:1 | Found Ostecaac's Magic Scroll Emporium.
 27646 | Shoals:1 | Found Vazy Xie's Distillery.
 27662 | Shoals:1 | Bought a potion of might for 72 gold pieces
 27662 | Shoals:1 | Bought a potion of heal wounds for 90 gold pieces
 27662 | Shoals:1 | Bought a potion of might for 72 gold pieces
 27662 | Shoals:1 | Bought a potion of might for 72 gold pieces
 27702 | Shoals:1 | Found Qymat's Magic Scroll Boutique.
 27747 | Shoals:1 | Noticed a kraken
 27891 | Shoals:1 | Gained Wargath as an ally
 27978 | Shoals:1 | Identified the ring "Xoddybisch" {Wiz Str+3}
 27979 | Shoals:1 | Noticed LaularuKyrumo's ghost (adept NaBe)
 27989 | Shoals:1 | Found a transporter.
 27991 | Shoals:1 | Found a transporter.
 28099 | Shoals:1 | Found Minocvel's Distillery.
 28102 | Shoals:1 | Bought a potion of cancellation for 144 gold pieces
 28102 | Shoals:1 | Bought a potion of cancellation for 144 gold pieces
 28102 | Shoals:1 | Bought a potion of cancellation for 144 gold pieces
 28541 | Shoals:2 | Noticed Polyphemus
 28552 | Shoals:2 | Killed Polyphemus
 28587 | Shoals:2 | Identified the +2 leather armour of Terror {^Contam Rampage
                  | +Blink rCorr}
 29618 | Shoals:3 | Noticed Mara
 29620 | Shoals:3 | Noticed community's illusion
 29642 | Shoals:3 | Killed Mara
 29643 | Shoals:3 | Reached XP level 18. HP: 110/178 MP: 32/32
 29721 | Shoals:3 | Identified the +5 quarterstaff "Embalmer" {pain, rN++ Int+2
                  | Dex-2}
 29725 | Shoals:3 | Noticed Ilsuiw
 29742 | Shoals:3 | Killed Ilsuiw
 29835 | Shoals:3 | Noticed Louise
 29837 | Shoals:3 | Found Gygodwoth's Assorted Antiques.
 29844 | Shoals:3 | Identified the serpent talisman of Responsibility {rElec}
 29844 | Shoals:3 | Noticed Aizul
 29845 | Shoals:3 | Killed Louise
 29860 | Shoals:3 | Killed Aizul
 29987 | Shoals:3 | Bought a murky brown potion for 36 gold pieces
 30400 | Shoals:4 | Entered Level 4 of the Shoals
 30612 | Shoals:4 | Your ally Wargath died
 30960 | Shoals:4 | Got a barnacled rune of Zot
 31020 | Shoals:4 | Identified the +2 leather armour of Absence {+Blink}
 31590 | Vaults:1 | Entered Level 1 of the Vaults
 31901 | Vaults:1 | Identified the +2 ring mail of Refuge {rF- Will+ Str+3}
 32117 | Vaults:1 | Got the Book of the Captivating Plateau
 32135 | Vaults:1 | Found Edudiluwukh's Antique Weapon Shop.
 32263 | Vaults:1 | Reached XP level 19. HP: 190/190 MP: 33/33
 32368 | Vaults:1 | Found Dijinn's Antique Weapon Emporium.
 32466 | Vaults:1 | Found Quedgh's Distillery.
 32469 | Vaults:1 | Bought a potion of heal wounds for 90 gold pieces
 32469 | Vaults:1 | Bought a potion of heal wounds for 90 gold pieces
 32469 | Vaults:1 | Bought a potion of curing for 54 gold pieces
 32469 | Vaults:1 | Bought a potion of curing for 54 gold pieces
 32497 | Vaults:1 | Found Rimnix's General Store.
 32497 | Vaults:1 | Found Lorege's Antique Weapon Shoppe.
 32503 | Vaults:1 | Bought a potion of heal wounds for 75 gold pieces
 32503 | Vaults:1 | Bought a +2 plate armour of willpower for 600 gold pieces
 32610 | Vaults:2 | Found Joygiqot's Assorted Antiques.
 32620 | Vaults:2 | Bought a scroll labelled KIANWA GUITZU for 29 gold pieces
 32621 | Vaults:2 | Acquired a +0 executioner's axe of flaming
 32801 | Vaults:2 | Noticed an ancient lich
 32869 | Vaults:2 | Gained Olfik as an ally
 33032 | Vaults:2 | Your ally Olfik died
 33453 | Vaults:2 | Reached skill level 15 in Armour
 34057 | Vaults:2 | Gained Ugbert as an ally
 34075 | Vaults:2 | Gained Horkud as an ally
 34089 | Vaults:2 | Your ally Horkud died
 34158 | Vaults:2 | Found Nuybeib's Magic Scroll Shoppe.
 34213 | Vaults:2 | Reached XP level 20. HP: 188/204 MP: 35/35
 34311 | Vaults:3 | Found Temn's Magic Scroll Boutique.
 34499 | Vaults:3 | Gained Bladwarg as an ally
 34505 | Vaults:3 | Reached skill level 15 in Shields
 34585 | Vaults:3 | Identified the +3 kite shield of Cheibriados's Anger
                  | {+Blink Str+3}
 34585 | Vaults:3 | Noticed Asterion
 34588 | Vaults:3 | Killed Asterion
 35266 | Vaults:3 | Found a staircase to the Crypt.
 36284 | Vaults:4 | Gained Herok as an ally
 37164 | Elf:1    | Entered Level 1 of the Elven Halls
 37227 | Elf:1    | Found a transporter.
 37275 | Elf:1    | Reached XP level 21. HP: 215/217 MP: 36/36
 37297 | Elf:1    | Got the Compilation of Conjuration
 37301 | Elf:1    | Got the Encyclopedia of Aeromancy and Bombardment
 37378 | Elf:1    | Found Fasiamut's Magic Scroll Shop.
 37381 | Elf:1    | Found Gaibaege's Armour Shoppe.
 37386 | Elf:1    | Bought a scroll of acquirement for 676 gold pieces
 37386 | Elf:1    | Bought a scroll of blinking for 97 gold pieces
 37386 | Elf:1    | Acquired a manual of Dodging
 37468 | Elf:1    | Found a transporter.
 37468 | Elf:1    | Found Runikkann's Distillery.
 37477 | Elf:1    | Paralysed by an air elemental for 1 turns
 37482 | Elf:1    | Paralysed by an air elemental for 1 turns
 37664 | Elf:1    | Found Yhaf's Distillery.
 37715 | Elf:1    | Gained mutation: Your health recovers twice as slowly from
                  | being drained. [a shining eye]
 38268 | Elf:2    | Paralysed by an air elemental for 1 turns
 38405 | Elf:2    | Found a runed translucent gate.
 38406 | Elf:2    | Found a runed translucent gate.
 38406 | Elf:2    | Found a runed translucent gate.
 38446 | Elf:2    | Identified the +0 robe of Sophism {^Drain rPois Int+3}
 38453 | Elf:2    | Found Mut Kioke's Antique Weapon Emporium.
 39063 | Elf:3    | Entered Level 3 of the Elven Halls
 39883 | Elf:3    | Gained Bogbrand as an ally
 39976 | Elf:3    | Your ally Bogbrand died
 40783 | Elf:3    | Found the +4 robe of Folly {Brill Will-∞ Int+8}
 40813 | Elf:3    | Identified the +0 ring mail of the Devil's Team {Str+2
                  | Int+5}
 40820 | Elf:3    | Identified the +6 scimitar of Compound Interest {elec,
                  | Will+ SInv Stlth+}
 40830 | Elf:3    | Identified the +7 tower shield "Himpilaf" {rCorr Str+4
                  | Int+3}
 40855 | Elf:3    | Identified the +0 spear of Bokh {pain, Will+ Int+2 Dex+3
                  | Stlth+}
 40856 | Elf:3    | Found the +8 longbow "Zephyr" {speed, Dex+3 SInv}
 40861 | Elf:3    | Identified the ring "Anloxaes" {rF- Str+6 SInv}
 40892 | Elf:3    | Identified the +8 quarterstaff "Garuapra" {protect, rN+
                  | Dex+5}
 41237 | Elf:3    | Lost mutation: Your health recovers twice as slowly from
                  | being drained. [potion of mutation]
 41237 | Elf:3    | Gained mutation: You sometimes lose your temper in combat.
                  | [potion of mutation]
 41238 | Elf:3    | Lost mutation: You sometimes lose your temper in combat.
                  | [potion of mutation]
 41238 | Elf:3    | Gained mutation: You have a pair of small antennae on your
                  | head. [potion of mutation]
 41238 | Elf:3    | Gained mutation: You have a somewhat thin skeletal
                  | structure. (Dex +2, Stealth+) [potion of mutation]
 41238 | Elf:3    | Gained mutation: Your spells are a little easier to cast,
                  | but a little less powerful. [potion of mutation]
 41239 | Elf:3    | Lost mutation: Your spells are a little easier to cast, but
                  | a little less powerful. [potion of mutation]
 41239 | Elf:3    | Lost mutation: You have a pair of small antennae on your
                  | head. [potion of mutation]
 41239 | Elf:3    | Lost mutation: You have a somewhat thin skeletal structure.
                  | (Dex +2, Stealth+) [potion of mutation]
 41239 | Elf:3    | Gained mutation: You possess an exceptional clarity of
                  | mind. [potion of mutation]
 41239 | Elf:3    | Gained mutation: Your muscles are strong. (Str +4, Int/Dex
                  | -1) [potion of mutation]
 41584 | D:14     | Killed Honninscrave's ghost
 41654 | Depths:1 | Entered Level 1 of the Depths
 41735 | Depths:1 | Found a gateway to Hell.
 41828 | Depths:1 | Reached XP level 22. HP: 216/229 MP: 38/38
 41993 | Depths:1 | Found an opulent altar of Gozag.
 43218 | Depths:2 | Found a one-way gate leading to the halls of Pandemonium.
 43296 | Depths:2 | Your ally Herok died
 43555 | Depths:2 | Gained Berold as an ally
 43557 | Depths:2 | Identified the +6 mace of the Foot {flame, ^Fragile Int+3}
 43559 | Depths:2 | Your ally Berold died
 43642 | Depths:2 | Your ally Ugbert died
 43771 | Depths:2 | Your ally Bladwarg died
 43793 | Depths:2 | Your ally Herok died
 44003 | Depths:2 | Gained Dorog as an ally
 44005 | Depths:2 | Noticed a golden dragon
 44005 | Depths:2 | Noticed a caustic shrike
 44007 | Depths:2 | Your ally Dorog died
 44008 | Depths:2 | Killed a caustic shrike
 44020 | Depths:2 | Killed a golden dragon
 44138 | Depths:2 | Identified the +3 falchion "Riacs" {distort, rElec rN+}
 44268 | Depths:2 | Noticed a golden dragon
 44279 | Depths:2 | Killed a golden dragon
 44372 | Depths:2 | Identified the orb of the Tanner {guile, rC+ Dex+4 Hexes}
 44452 | Depths:2 | Identified the +2 spear of the Beginning {flame, *Corrode
                  | ^Fragile rElec Str+7}
 44510 | Depths:2 | Identified the amulet of Zeggopid {rF+ rC- Regen+ rCorr
                  | Str+4}
 44732 | Depths:2 | Noticed a juggernaut
 44737 | Depths:2 | Killed a juggernaut
 44776 | Depths:2 | Got Sif Muna's Cyclopedia of Algor and Breccia
 44875 | Depths:2 | Reached XP level 23. HP: 237/237 MP: 40/40
 44929 | Depths:2 | Identified the ring of the Kappa {*Slow rPois rC+++ rN++
                  | rCorr}
 45370 | Depths:2 | Gained Thorok as an ally
 45534 | Depths:2 | Noticed a golden dragon
 45542 | Depths:2 | Killed a golden dragon
 45543 | Depths:2 | Reached skill level 27 in Invocations
 45558 | Depths:2 | Found a burning altar of Makhleb.
 47019 | Depths:4 | Entered Level 4 of the Depths
 47019 | Depths:4 | Found a one-way gateway to a ziggurat.
 47653 | Depths:4 | Found a faded altar of an unknown god.
 47741 | Depths:4 | Found a gate to the Realm of Zot.
 48002 | Depths:4 | Voluntarily entered the Abyss.
 48129 | Abyss:3  | Found a corrupted altar of Lugonu.
 48252 | Abyss:3  | Found a corrupted altar of Lugonu.
 48270 | Abyss:3  | Reached XP level 24. HP: 237/245 MP: 40/40
 48376 | Abyss:3  | Found a corrupted altar of Lugonu.
 48382 | Abyss:3  | Gained mutation: Your natural rate of healing is unusually
                  | fast. [a neqoxec]
 48530 | Abyss:3  | Got an abyssal rune of Zot
 48549 | Depths:4 | Escaped the Abyss
 48879 | Crypt:1  | Entered Level 1 of the Crypt
 49014 | Vaults:2 | Your ally Thorok died
 49525 | Shoals:1 | Bought 2 potions of mutation for 288 gold pieces
 49549 | Shoals:1 | Bought a potion of mutation for 144 gold pieces
 49549 | Shoals:1 | Bought a potion of curing for 54 gold pieces
 49549 | Shoals:1 | Bought a potion of haste for 180 gold pieces
 49549 | Shoals:1 | Bought a potion of mutation for 144 gold pieces
 49669 | Snake:2  | Bought a potion of mutation for 192 gold pieces
 49947 | Vaults:1 | Bought a potion of might for 72 gold pieces
 49947 | Vaults:1 | Bought a potion of resistance for 180 gold pieces
 49947 | Vaults:1 | Bought a potion of mutation for 144 gold pieces
 49947 | Vaults:1 | Bought a potion of might for 72 gold pieces
 50035 | Vaults:2 | Bought a scroll of enchant armour for 135 gold pieces
 50035 | Vaults:2 | Bought a scroll of summoning for 171 gold pieces
 50035 | Vaults:2 | Bought a scroll of teleportation for 54 gold pieces
 50035 | Vaults:2 | Bought a scroll of enchant armour for 135 gold pieces
 50035 | Vaults:2 | Bought a scroll of silence for 171 gold pieces
 50335 | Elf:1    | Bought a potion of mutation for 160 gold pieces
 50335 | Elf:1    | Bought a potion of curing for 60 gold pieces
 50335 | Elf:1    | Bought a potion of might for 80 gold pieces
 50335 | Elf:1    | Bought a potion of mutation for 160 gold pieces
 50637 | Zot:1    | Entered Level 1 of the Realm of Zot
 52719 | Zot:5    | Entered Level 5 of the Realm of Zot
 54097 | Zot:5    | Gained mutation: You are agile. (Dex +4, Str/Int -1)
                  | [mutagenic glow]
 54108 | Zot:5    | Noticed an ancient lich
 54112 | Zot:5    | Killed an ancient lich
 54113 | Zot:5    | Reached XP level 25. HP: 253/253 MP: 35/40
 54117 | Zot:5    | Gained mutation: You are partially covered in iridescent
                  | scales. (AC +2) [mutagenic glow]
 54151 | Zot:5    | Gained mutation: You are vulnerable to cold. (rC-)
                  | [mutagenic glow]
 54929 | Zot:5    | Identified the +8 plate armour "Xouph" {*Slow Int+5 Dex+5}
 54974 | Zot:5    | Noticed a dread lich
 55070 | Zot:5    | Killed a dread lich
 55072 | Zot:5    | Noticed a Killer Klown
 55083 | Zot:5    | Killed a Killer Klown
 55214 | Zot:5    | Noticed a Killer Klown
 55225 | Zot:5    | Noticed a Killer Klown
 55236 | Zot:5    | Noticed an orb of fire
 55236 | Zot:5    | Noticed a dread lich
 55239 | Zot:5    | Noticed an orb of fire
 55243 | Zot:5    | Noticed an ancient lich
 55246 | Zot:5    | Noticed an ancient lich
 55246 | Zot:5    | Noticed an ancient lich
 55247 | Zot:5    | Noticed a dread lich
 55263 | Zot:5    | Killed an ancient lich
 56051 | Zot:5    | Noticed an orb of fire
 56053 | Zot:5    | Gained mutation: Potions are less effective at restoring
                  | your health. [an orb of fire]
 56055 | Zot:5    | Killed an orb of fire
 56557 | Zot:4    | Killed an ancient lich
 56907 | Zot:5    | Noticed a dread lich
 56929 | Zot:5    | Killed a dread lich
 56935 | Zot:5    | Gained mutation: Your health recovers twice as slowly from
                  | being drained. [an orb of fire]
 56938 | Zot:5    | Killed an orb of fire
 56953 | Zot:5    | Lost mutation: You are agile. (Dex +4, Str/Int -1) [potion
                  | of mutation]
 56953 | Zot:5    | Lost mutation: You are vulnerable to cold. (rC-) [potion of
                  | mutation]
 56953 | Zot:5    | Lost mutation: Your muscles are strong. (Str +4, Int/Dex
                  | -1) [potion of mutation]
 56953 | Zot:5    | Gained mutation: Your magical capacity is low. (-10% MP)
                  | [potion of mutation]
 56953 | Zot:5    | Gained mutation: You have hidden genetic potential. [potion
                  | of mutation]
 57157 | Zot:5    | Killed an ancient lich
 57256 | Zot:5    | Killed a Killer Klown
 57572 | Zot:5    | Killed a dread lich
 57635 | Zot:5    | Reached skill level 27 in Axes
 57655 | Zot:5    | Killed a dread lich
 57776 | Zot:5    | Killed an orb of fire
 58415 | Zot:5    | Noticed a Killer Klown
 58429 | Zot:5    | Killed a Killer Klown
 58479 | Zot:5    | Got the Orb of Zot
 58627 | Depths:4 | Noticed Houlikif the pandemonium lord
 59088 | D:$      | Escaped with the Orb!

Illustrated notes

Levels and vault maps discovered:
D:1:      saegor_arrival_simple_c, layout_loops_ring
D:2:      layout_loops_cross
D:3:      layout_basic, grunt_temple_overflow_forces_of_nature,
          ebering_ecumenical_altar_petrified, nicolae_kite_square_tiling_tiny,
          serial_bayou_lagoon_a, uniq_jessica
D:4:      layout_rooms, pf_just_have_faith, gup_sewer_entry_bubbles
D:5:      layout_basic, nicolae_overflow_hidden_temple,
          minmay_temple_entry_proselytizer, serial_shops, shop,
          kennysheep_cross_room, minmay_misc_feat_room
D:6:      layout_rooms, kennysheep_generic_room_5
D:7:      layout_loops_ring, mainiacjoe_overflow_concentric_impassable,
          kennysheep_mini
D:8:      layout_cave_pools, due_lair_maze_entry_diamond, enter_bailey_2
D:9:      layout_rooms, serial_rivers, chequers_serial_rivers_micro_e,
          chequers_serial_rivers_large_a, chequers_serial_rivers_micro_b,
          chequers_serial_rivers_small_3
D:10:     layout_roguey, mainiacjoe_overflow_chevrons, minitemple, uniq_erolcha
D:11:     layout_loops_cross, uniq_psyche, uniq_erica, uniq_sonja, uniq_grum
D:12:     layout_loops_ring, erik_orc_1
D:13:     layout_loops_cross, gammafunk_ghost_abyssal_escape,
          nicolae_qazlal_general_emergency
D:14:     layout_basic, hangedman_vaults_entry_quadrant_bands,
          hellmonk_ghost_happy_afterlife, serial_shops, shop, uniq_kirke
D:15:     hangedman_depths_entry_civil_slaughter, layout_basic
Lair:1:   beast_lair_carwin_large_1, layout_gridlike
Lair:2:   layout_cave_pods, grunt_megastairs_1, lemuel_fruit_tree
Lair:3:   layout_hall_layers, minmay_shoals_entry_lonely_mermaid,
          nicolae_snake_entry_warm_welcome, beast_lair_carwin_11,
          serial_bayou_shore_b, uniq_amaemon, uniq_nergalle
Lair:4:   layout_cave_pods, portal_ice_cave_entry_animals_and_master,
          serial_bayou_pond_a
Lair:5:   gammafunk_lair_ancient_temple, layout_hall_layers,
          nicolae_slime_entry_field_trip
Shoals:1: layout_shoals, serial_shops, nicolae_shop_industrial_runoff,
          nicolae_shop_behind_doors, shop, nicolae_shop_pleasant_corner_grove,
          shop, ebering_ghost_davey_jones
Shoals:2: layout_shoals, uniq_polyphemus
Shoals:3: layout_shoals, serial_shops, shop, kb_tengu_band, uniq_ilsuiw,
          uniq_aizul, uniq_mara, uniq_louise
Shoals:4: shoals_end_hellmonk_lost_city, serial_shops
Snake:1:  layout_cave_shapes
Snake:2:  layout_grid_maze, basic_altar, serial_shops, shop, uniq_nikola,
          uniq_vashnia, uniq_agnes
Snake:3:  gammafunk_sealed_arena, layout_honeycomb, serial_bayou_shore_a,
          serial_bayou_shore_b, uniq_jorgrun, uniq_saint_roka, uniq_azrael
Snake:4:  johnstein_snake_rune_scales, layout_basic, gammafunk_ghost_cemetery
Orc:1:    minmay_goldmine, layout_caves, basic_altar
Orc:2:    st_orc_open, layout_diamond_mine, gauntlet_entry_generic, uniq_urug
Elf:1:    elf_arrival_001, layout_geoelf_octagon,
          portal_desolation_entry_garden, serial_shops, shop, shop, shop,
          nicolae_shop_drivethru, minmay_elf_sorcery, kilobyte_rumbling_trees
Elf:2:    nicolae_elf_blades_crystal_corner, layout_geoelf_grid, serial_shops,
          shop
Elf:3:    minmay_elf_hall_four_x, layout_rooms, nicolae_elf_blasts_and_bolts
Vaults:1: ontoclasm_vaults_twist, v_misc_23, v_alt_pattern_2,
          nicolae_vaults_circle_grid_b, vaults_dpeg_encased_lava,
          vaults_dpeg_emergency_exit, nicolae_vaults_little_squares_5,
          v_misc_24, nicolae_vaults_rhombus_5, vaults_mumra_lcd,
          layout_vaults_ring, serial_shops, shop_fountains, shop_coins,
          nicolae_shop_real_fake_doors, nicolae_square_shop, shop
Vaults:2: nicolae_vaults_more_shelving_2,
          vaults_standard_mumra_enter_the_diamond, hangedman_vaults_variations,
          nicolae_vaults_specimen_jars, nicolae_vaults_wine_cellar,
          ontoclasm_vaults_fault, v_pattern_5,
          dpeg_vaults_pockets_of_resistance, vaults_room_mumra_shop_pool,
          nicolae_vaults_tetromino_L_2, layout_vaults_omnicross, serial_shops,
          nicolae_shop_tiny_glass
Vaults:3: v_rooms_5, minmay_crypt_entry_nasty_monster,
          nicolae_vaults_good_morning_starshine, hangedman_vaults_stitches,
          hangedman_vaults_stagger, nicolae_vaults_diagonal_hallway_8,
          vaults_room_stairs_pillars, layout_vaults_omnibox, serial_shops,
          nicolae_shop_gibbet_a_chance, uniq_asterion
Vaults:4: nicolae_vaults_yaktaur_gun_rack,
          nicolae_vaults_windows_and_doors_thing, v_misc_27,
          nicolae_vaults_storage_closets_1, nicolae_vaults_closet_pinwheel_2,
          nicolae_vaults_security_offices_6, nicolae_vaults_house_1,
          nicolae_vaults_tetromino_L_1, layout_vaults_quadrants
Crypt:1:  layout_misc_corridors, roadster_capsule_ark_zombie,
          grunt_megastairs_2, uniq_vv
Depths:1: layout_basic, nicolae_gozag_seed_capital, pf_coc_iceberg,
          hangedman_cracks_in_the_wall
Depths:2: minmay_the_grid_ultimate [minmay_the_grid_prize_four_corners,
          minmay_the_grid_prize_trominoes, minmay_the_grid_prize_trominoes,
          minmay_the_grid_prize_diamond_cup, minmay_the_grid_square_5x5_v,
          minmay_the_grid_square_5x5_spiral, minmay_the_grid_square_5x5_inner_z,
          minmay_the_grid_square_5x5_minibox,
          minmay_the_grid_square_5x5_checkered_statues,
          minmay_the_grid_square_5x5_tri_point,
          minmay_the_grid_square_5x5_empty, minmay_the_grid_square_5x5_empty,
          minmay_the_grid_square_5x5_pentomino_r,
          minmay_the_grid_square_5x5_checkered, minmay_the_grid_square_5x5_c,
          minmay_the_grid_square_5x5_broken_cross,
          minmay_the_grid_square_5x5_dogpile,
          minmay_the_grid_square_5x5_checkered_sparse,
          minmay_the_grid_square_5x5_bite, minmay_the_grid_triangle_9x9_alien,
          minmay_the_grid_triangle_9x9_minimal,
          minmay_the_grid_triangle_9x9_pentomino_pain,
          minmay_the_grid_triangle_9x9_limited_checkers,
          minmay_the_grid_triangle_9x9_swiss_cheese,
          minmay_the_grid_triangle_9x9_sprig,
          minmay_the_grid_triangle_9x9_empty,
          minmay_the_grid_triangle_9x9_flanged_cone,
          minmay_the_grid_triangle_9x9_shrine,
          minmay_the_grid_triangle_9x9_empty,
          minmay_the_grid_triangle_9x9_cache,
          minmay_the_grid_triangle_9x9_zippers_vertical,
          minmay_the_grid_triangle_9x9_steps,
          minmay_the_grid_triangle_9x9_descending_squares,
          minmay_the_grid_triangle_9x9_checkered,
          minmay_the_grid_triangle_9x9_thin_v,
          minmay_the_grid_square_5x5_trominoes, minmay_the_grid_octo_fan_narrow,
          minmay_the_grid_octo_77, minmay_the_grid_octo_pinwheel,
          minmay_the_grid_octo_clover, minmay_the_grid_octo_clover_2,
          minmay_the_grid_octo_checkerflower, minmay_the_grid_octo_horde,
          minmay_the_grid_octo_tetromino_candy, minmay_the_grid_rooms,
          minmay_the_grid_empty, minmay_the_grid_gridbox,
          minmay_the_grid_eight], pan_entry, hell_entry
Depths:3: nicolae_moon_pools, layout_gridlike, hell_entry,
          nicolae_twisty_statue_hallways, abyss_entry_crystal,
          rand_demon_pan_entry_9
Depths:4: evilmike_zot_entry_round, layout_cave_pools, enter_ziggurat_c,
          serial_column_ruins, column_ruins_portal_squares,
          column_ruins_temple_circle, column_ruins_hut_ruined,
          column_ruins_columns_straight, column_ruins_columns_straight,
          column_ruins_open_small, column_ruins_open_small_water,
          column_ruins_grid_1, abyss_entry, hangedman_tar_grid_catacomb
Zot:1:    kennysheep_ambush_hall, layout_basic,
          regret_index_zotdec_gossamer_parallel, grunt_megastairs_5
Zot:2:    layout_misc_corridors, regret_index_zotdec_misc_clamp,
          regret_index_zotdec_twisting_globes
Zot:3:    layout_basic, skrybe_zot_glass_2
Zot:4:    layout_basic
Zot:5:    layout_basic, regret_index_zotdec_plus

Skill      XL: |  1  2  3  4  5  6  7  8  9 10 11 12 13 14 15 16 17 18 19 20 21 22 23 24 25 |
---------------+----------------------------------------------------------------------------+-----
Axes           | 3 4 5 7 8 10 12 13 14 16 17 18 19 20 21 22 23 24 26 27 | 27.0
Fighting       | 4 5 6 7 8 9 12 14 15 16 17 18 20 21 23 25 26 | 26.3
Armour         | 4 5 6 8 9 10 11 12 13 14 15 16 17 19 20 21 | 21.8
Shields        | 4 5 6 7 8 9 10 11 12 13 14 15 16 17 18 20 21 | 21.4
Invocations    | 1 5 9 10 12 13 15 17 18 20 21 22 23 24 26 27 | 27.0

Action                     |  1- 3 |  4- 6 |  7- 9 | 10-12 | 13-15 | 16-18 | 19-21 | 22-24 | 25-27 || total
---------------------------+-------+-------+-------+-------+-------+-------+-------+-------+-------++-------
  Melee: War axe           |    98 |   206 |   123 |       |       |       |       |       |       ||   427
         Spear             |       |       |   175 |   131 |       |       |       |       |       ||   306
         Broad axe         |       |       |       |   293 |   731 |   897 |  1011 |  1496 |   288 ||  4716
         Scimitar          |       |       |       |       |     4 |       |       |       |       ||     4
         Demon trident     |       |       |       |       |       |     4 |       |       |       ||     4
  Throw: Boomerang         |       |       |       |       |       |       |       |     2 |    10 ||    12
 Invoke: Convert to Beogh  |       |       |     1 |       |       |       |       |       |       ||     1
         Smiting           |       |       |       |     6 |    15 |    15 |    16 |    21 |    16 ||    89
         Recall Orcish Fol |       |       |       |       |     1 |    11 |     7 |     8 |       ||    27
         Give Item to Name |       |       |       |       |       |     4 |     4 |     1 |       ||     9
         Stop Recall       |       |       |       |       |       |     2 |     1 |       |       ||     3
         Resurrection      |       |       |       |       |       |     1 |       |     2 |       ||     3
  Evoke: Wand              |       |       |       |     2 |       |       |       |     3 |       ||     5
    Use: Scroll            |     3 |     9 |     3 |    14 |     6 |    16 |    12 |    14 |     3 ||    80
         Potion            |       |       |     2 |     6 |     3 |     2 |     4 |     2 |     3 ||    22
   Stab: Distracted        |       |       |       |     3 |     7 |     4 |     8 |     4 |       ||    26
         Paralysed         |       |       |       |       |     1 |     1 |       |       |       ||     2
         Petrified         |       |       |       |       |       |     6 |       |     6 |       ||    12
         Invisible         |       |       |       |       |       |     6 |     5 |     3 |       ||    14
         Petrifying        |       |       |       |       |       |       |       |     1 |       ||     1
 Armour: Scale mail        |    62 |   106 |   137 |   192 |   360 |   496 |    18 |       |       ||  1371
         Chain mail        |       |       |    25 |    61 |       |       |       |       |       ||    86
         Ice dragon scales |       |       |       |       |    29 |       |       |       |       ||    29
         Plate armour      |       |       |       |       |       |       |   523 |   142 |       ||   665
         Gold dragon scale |       |       |       |       |       |       |       |   522 |   137 ||   659
  Dodge: Dodged            |    48 |    77 |   117 |   126 |   164 |   253 |   222 |   185 |    33 ||  1225
  Block: Buckler           |    31 |    89 |   139 |   212 |   272 |   183 |       |       |       ||   926
         Reflection        |       |     3 |     3 |    15 |    16 |   138 |    80 |    17 |     6 ||   278
         Kite shield       |       |       |       |       |       |   523 |   864 |       |       ||  1387
         Tower shield      |       |       |       |       |       |       |    31 |  1554 |   298 ||  1883
